 Dungeon Crawl Stone Soup version 0.22-a0-305-gd21a89c (webtiles) character file.

143880 Amnesiac the Thaumaturge (level 17, 0/148 HPs)
             Began as a Gnoll Wanderer on Mar 29, 2018.
             Was the Champion of Ashenzari.
             Slain by a seven-headed hydra (12 damage)
             ... on level 4 of the Swamp.
             The game lasted 01:34:18 (36568 turns).

Amnesiac the Thaumaturge (Gnoll Wanderer)          Turns: 36568, Time: 01:34:18

Health: 0/148      AC: 22    Str: 13    XL:     17   Next: 38%
Magic:  0/34       EV: 20    Int: 18    God:    Ashenzari [******]
Gold:   1262       SH: 13    Dex: 18    Spells: 2/43 levels left

rFire    + . .     SeeInvis +   m - +0 dagger (curse)
rCold    . . .     Gourm    .   B - +0 shield (curse)
rNeg     + . .     Faith    .   n - +0 swamp dragon scales
rPois    +         Spirit   +   K - +0 helmet (curse)
rElec    .         Reflect  .   r - +1 cloak (curse)
rCorr    .         Harm     .   T - +3 pair of gloves of Angon {*Contam rF+ rN+ Regen+}
MR       ++...     Clarity  +   O - +0 pair of boots {Fly} (curse)
Stlth    ++++......             u - amulet of guardian spirit (curse)
HPRegen  0.74/turn              H - ring of wizardry (curse)
MPRegen  0.24/turn              t - ring of protection from magic (curse)

@: lethally poisoned (0 -> -7), flying
A: distributed training, fangs 1, rugged brown scales 1, clumsy 1, robust 1,
strong nose
a: Curse Item, Scrying, Renounce Religion, Stop Flying


You were on level 4 of the Swamp.
You worshipped Ashenzari.
Ashenzari was exalted by your worship.
You were not hungry.

You visited 5 branches of the dungeon, and saw 27 of its levels.
You also visited: Ossuary and Ice Cave.

You collected 2346 gold pieces.
You spent 1084 gold pieces at shops.

Inventory:

Hand Weapons
 m - a cursed +0 dagger (weapon)
 p - the cursed +2 spear of Forgiveness {flame, rElec rF+ Dex+4}
   (You found it on level 5 of the Dungeon)

   It has been specially enchanted to burn those struck by it, causing extra
   injury to most foes and up to half again as much damage against particularly
   susceptible opponents.
   It affects your dexterity (+4).
   It protects you from fire.
   It insulates you from electricity.
   It has a curse placed upon it.
 A - a +0 demon blade
 E - a +2 dagger of venom
Missiles
 g - 6 throwing nets (quivered)
 o - 161 poisoned needles
 I - 267 stones
 U - 4 needles of confusion
Armour
 n - +0 swamp dragon scales (worn)
 q - a +1 hat of intelligence
 r - a cursed +1 cloak (worn)
 B - a cursed +0 shield (worn)
 K - a cursed +0 helmet (worn)
 O - a cursed +0 pair of boots of flying (worn)
 T - the +3 pair of gloves of Angon (worn) {*Contam rF+ rN+ Regen+}
   (You found it in an ice cave)

   It protects you from fire.
   It protects you from negative energy.
   It causes magical contamination when unequipped.
   It increases your rate of regeneration.
Jewellery
 t - a cursed ring of protection from magic (right hand)
 u - a cursed amulet of guardian spirit (around neck)
 x - an uncursed ring of protection from cold
 F - a +5 ring of strength
 G - the ring "Faassih" {+Fly rC+ rN+ Int+2}
   (You found it in an ice cave)

   [ring of flight]

   It affects your intelligence (+2).
   It protects you from cold.
   It protects you from negative energy.
   It lets you fly.
 H - a cursed ring of wizardry (left hand)
Wands
 P - a wand of iceblast (15)
 Q - a wand of digging (18)
Scrolls
 a - 2 scrolls of blinking {!r}
 j - 5 scrolls of teleportation {!r}
 s - 5 scrolls of enchant weapon {!r}
 v - a scroll of vulnerability {!r}
 w - 4 scrolls of identify {!r}
 y - 3 scrolls of fear {!r}
 D - 5 scrolls of magic mapping {!r}
 R - a scroll of holy word {!r}
 X - 3 scrolls of fog {!r}
 Y - a scroll of remove curse {!r}
 Z - a scroll of silence {!r}
Potions
 b - 3 potions of mutation {!q}
 c - 6 potions of brilliance {!q}
 e - 4 potions of agility {!q}
 h - 7 potions of haste {!q}
 i - 11 potions of curing {!q}
 k - 4 potions of might {!q}
 C - 5 potions of heal wounds {!q}
 J - 4 potions of magic {!q}
 M - 3 potions of cancellation {!q}
 W - 2 potions of berserk rage {!q}
Miscellaneous
 d - a phantom mirror
 L - a box of beasts
 N - 2 sacks of spiders
 S - a fan of gales
Comestibles
 f - 33 rations


   Skills:
 + Level 11.1 Fighting
 + Level 10.8(15.0) Short Blades
 + Level 10.8 Long Blades
 + Level 10.8 Axes
 + Level 10.8 Maces & Flails
 + Level 10.8 Polearms
 + Level 10.8 Staves
 + Level 10.8 Slings
 + Level 10.8 Bows
 + Level 10.8 Crossbows
 + Level 10.8 Throwing
 + Level 10.8(13.6) Armour
 + Level 10.8(13.6) Dodging
 + Level 11.5 Stealth
 + Level 11.7(14.4) Shields
 + Level 10.8 Unarmed Combat
 + Level 13.7 Spellcasting
 + Level 9.2(13.5) Conjurations
 + Level 9.2(13.5) Hexes
 + Level 9.5(13.8) Charms
 + Level 9.2(13.5) Summonings
 + Level 9.2(13.5) Necromancy
 + Level 9.2(13.5) Translocations
 + Level 9.2(13.5) Transmutations
 + Level 9.2(13.5) Fire Magic
 + Level 9.2(13.5) Ice Magic
 + Level 9.2(13.5) Air Magic
 + Level 9.2(13.5) Earth Magic
 + Level 9.2(13.5) Poison Magic
 + Level 11.7 Invocations
 + Level 10.8(15.0) Evocations


You had 2 spell levels left.
You knew the following spells:

 Your Spells              Type           Power        Failure   Level  Hunger
a - Sandblast             Erth           ######       1%          1    None
b - Passwall              Tmut/Erth      ######....   1%          2    None
c - Deflect Missiles      Chrm/Air       ######....   2%          6    ######.
d - Fireball              Conj/Fire      ######....   1%          5    ####...
e - Petrify               Tmut/Erth      ######..     1%          4    #......
f - Sticky Flame          Conj/Fire      ######..     1%          4    #......
g - Shock                 Conj/Air       ####         1%          1    None
h - Passage of Golubria   Tloc           N/A          1%          4    #......
i - Summon Lightning Spi  Summ/Air       ######..     1%          4    #......
r - Regeneration          Chrm/Necr      ######....   1%          3    None
v - Blink                 Tloc           N/A          1%          2    None
w - Lee's Rapid Deconstr  Erth           ######....   1%          5    ####...


Dungeon Overview and Level Annotations

Branches:
Dungeon (14/15)            Temple (0/1) D:7            Lair (6/6) D:8
  Swamp (4/4) Lair:3        Snake (1/4) Lair:2        Slime (0/5) Lair:5
    Orc (2/2) D:12            Elf (0/3) Orc:2        Vaults (0/5) D:13

Altars:
Ashenzari
Elyvilon
Gozag
Hepliaklqana
Nemelex Xobeh
Ru
Yredelemnul
Zin
Beogh

Shops:
D:11 *?([   D:13 :   Orc:2 [%}*(

Portals:
Pandemonium: Orc:2


Innate Abilities, Weirdness & Mutations

Your experience applies equally to all skills.
You have very sharp teeth.
Your uncanny sense of smell can sniff out nearby items.
You are partially covered in rugged brown scales. (AC +1, +3% HP)
You are clumsy. (Dex -2)
You are robust. (+10% HP)


Message History

The alligator appears confused.
The alligator closely misses the swamp drake.
The alligator misses the swamp drake.
The four-headed hydra misses you.
The four-headed hydra barely misses you.
The four-headed hydra bites you.
* * * LOW HITPOINT WARNING * * *
The four-headed hydra bites you but does no damage.
Casting: Summon Lightning Spire (safe; 1% risk of failure)
Confirm with . or Enter, or press ? or * to list all spells.
You blink.
The swamp dragon breathes poison at you.
The blast of poison engulfs you!
You are poisoned.
You resist.
* * * LOW HITPOINT WARNING * * *
The seven-headed hydra bites your lightning spire but does no damage.
The seven-headed hydra bites your lightning spire.
The seven-headed hydra bites your lightning spire!
Your lightning spire is destroyed!
The alligator is engulfed in noxious fumes.
The shadow slips into darkness.
The shadow flickers and vanishes for a moment.
You hear a deafening roar!
You feel sick.
The alligator looks more healthy.
The swamp dragon misses you. The swamp dragon closely misses you.
The swamp dragon completely misses you.
The alligator is engulfed in noxious fumes.
Something bites the briar patch but does no damage.
Something claws the briar patch but does no damage.
Something tramples the briar patch but does no damage.
The four-headed hydra barely misses you.
The four-headed hydra closely misses you.
You block the four-headed hydra's attack.
The four-headed hydra bites you but does no damage.
Things that are here:
an uncursed staff of cold; an uncursed ring of ice; a +0 scimitar
Okay, then.
You feel sick.
The swamp dragon breathes poison at you.
The blast of poison engulfs you!
You are more poisoned.
You resist. The lindwurm breathes flames at you. The blast of flame hits you!
You resist.
* * * LOW HITPOINT WARNING * * *
The swamp dragon breathes poison at you.
The blast of poison engulfs you!
You are more poisoned.
You resist.
* * * LOW HITPOINT WARNING * * *
The alligator is engulfed in poison gas.
The alligator is poisoned.
The alligator is engulfed in poison gas.
The alligator looks even sicker.
You feel sick.
The alligator seems less confused.
The alligator looks even sicker.
The seven-headed hydra barely misses you.
The seven-headed hydra bites you.
* * * LOW HITPOINT WARNING * * *
The seven-headed hydra bites you but does no damage.
The seven-headed hydra completely misses you.
You block the seven-headed hydra's attack.
The seven-headed hydra bites you but does no damage.
The seven-headed hydra bites you!
You die...

♣♣♣♣♣ ♣♣♣♣♣♣♣♣♣..§♣
≈.....≈.y≈≈≈♣♣ .≈..D..≈≈≈≈≈≈♣
≈≈.♣♣♣.i.≈≈≈.♣♣♣♣♣♣♣
≈≈.♣*♣♣≈k≈≈≈..≈≈♣♣≈♣♣
≈≈.♣..{♣.≈≈≈...§§♣..♣♣
≈.♣♣≈....≈≈†.k§§@♣§.§♣
≈D♣♣♣.≈.≈≈≈≈≈..§DDD§♣♣♣♣♣♣♣♣
≈.≈♣♣≈.§.≈≈≈§≈.§§§D§§.≈♣♣.≈♣
.≈.{♣.≈§§≈≈≈≈)≈§§WDtfD≈≈...♣♣
.t≈.♣≈≈≈D≈≈≈.[≈≈≈≈§≈§≈≈.....♣
.D..♣§≈≈D.......DD§.)...≈...♣
.♣D....yi≈§≈♣≈..≈≈≈.D♣♣D.≈≈.♣
?§§D....D≈≈.♣♣♣.......≈P.≈≈≈♣
§DD.{♣♣.≈kW.♣≈..≈≈...≈≈≈≈♣♣♣♣


You could see a thorn hunter, an alligator, 2 seven-headed hydras, 2 four-headed
hydras, 6 swamp dragons, a lindwurm and a shadow (invisible).

Vanquished Creatures
  An Ice Fiend (IceCv)
  Gastronok (Lair:2)
  Frances (Swamp:1)
  6 hydras
  3 vault guards (D:13)
  2 ghost crabs
  A catoblepas (Lair:2)
  2 centaur warriors (D:13)
  8 alligators
  A two-headed ogre (D:13)
  3 death yaks (Lair:5)
  5 orc high priests (Orc:2)
  A spriggan berserker (Swamp:2)
  A sun demon (Orc:2)
  A deep elf knight (Swamp:2)
  A sixfirhy (Orc:2)
  A fire crab (Lair:2)
  A spriggan druid (Swamp:2)
  A torturous demonspawn (Orc:2)
  An unseen horror (D:13)
  3 swamp dragons (Swamp:2)
  An infernal demonspawn (Orc:1)
  A lindwurm (Lair:2)
  6 orc knights
  A wizard (D:13)
  6 oklob plants
  3 ugly things
  6 orc sorcerers (Orc:2)
  2 rust devils (Orc:2)
  5 cyclopes (D:13)
  4 black mambas
  5 elephants
  26 spiny frogs
  A gargoyle (D:13)
  An ice statue (Swamp:1)
  A rime drake (Lair:3)
  A yaktaur (D:13)
  11 komodo dragons
  2 anaconda simulacra (IceCv)
  A kobold demonologist (D:14)
  A hellwing (Orc:2)
  4 freezing wraiths
  8 ice devils
  A tengu conjurer (D:13)
  4 polar bears
  10 tyrant leeches
  4 trolls
  5 hippogriffs
  A bog body (Swamp:1)
  6 hornets
  4 dream sheep (Lair:6)
  A meliai zombie (D:10)
  34 blink frogs
  6 slime creatures (Swamp:2)
  4 spriggans (Swamp:2)
  2 dire elephant simulacra (IceCv)
  49 yaks
  4 wyverns
  15 vampire mosquitoes
  A basilisk (D:12)
  2 hungry ghosts (D:9)
  4 iron troll simulacra (IceCv)
  13 swamp worms
  5 harpy simulacra (IceCv)
  6 insubstantial wisps (Swamp:3)
  21 water moccasins
  2 hydra simulacra (IceCv)
  9 porcupines
  5 swamp drakes
  The ghost of Paulus the Sneak, an amateur SpEn (D:4)
  35 orc warriors
  A black bear (D:12)
  An alligator simulacrum (IceCv)
  4 ice beasts
  A necrophage (D:7)
  13 ogres
  2 phantoms
  11 wolves
  12 centaurs
  9 crocodiles
  A big kobold (D:12)
  A wyvern zombie (D:9)
  27 bullfrogs
  2 gnoll sergeants (D:12)
  A wyvern skeleton (D:11)
  4 scorpions
  3 killer bees (D:5)
  8 wights
  10 electric eels
  10 howler monkeys
  3 centaur zombies
  7 crimson imps
  A quasit (D:11)
  3 bullfrog zombies
  2 draconian simulacra (IceCv)
  6 jellies
  25 orc priests
  A gnoll shaman (D:7)
  4 hounds
  3 bullfrog skeletons
  2 centaur skeletons
  5 iguanas
  Terence (D:2)
  13 orc wizards
  8 worker ants
  A polar bear simulacrum (IceCv)
  2 spriggan simulacra (IceCv)
  3 troll simulacra (IceCv)
  A wolf simulacrum (IceCv)
  5 big kobold zombies (Ossuary)
  A hound skeleton (D:6)
  A mummy (Ossuary)
  A worker ant zombie (D:6)
  19 gnolls
  18 adders
  A howler monkey skeleton (D:7)
  3 ogre simulacra (IceCv)
  2 naga simulacra (IceCv)
  6 shadow imps
  4 white imps (IceCv)
  5 ufetubi (IceCv)
  An ooze (D:3)
  A worm (D:2)
  A dart slug (D:1)
  3 leopard geckos
  62 orcs
  3 spectral bats (Ossuary)
  3 giant cockroaches
  7 gnoll zombies (Ossuary)
  7 goblins
  5 hobgoblins
  2 jackals (D:2)
  4 quokkas
  3 ball pythons
  4 bats
  2 bat simulacra (Ossuary)
  3 frilled lizards
  3 goblin simulacra (Ossuary)
  5 goblin zombies (Ossuary)
  7 hobgoblin zombies (Ossuary)
  4 kobolds
  2 kobold simulacra (Ossuary)
  5 kobold zombies (Ossuary)
  A leopard gecko zombie (D:7)
  An orc zombie (Ossuary)
  4 quokka zombies
  10 rats
  4 rat simulacra (Ossuary)
  A rat zombie (D:7)
  2 spectral goblins (Ossuary)
  4 spectral kobolds (Ossuary)
  3 spectral rats (Ossuary)
  A butterfly (D:7)
  A plant (Swamp:2)
843 creatures vanquished.

Vanquished Creatures (collateral kills)
  A spriggan druid (Swamp:4)
  A deep elf mage (D:13)
  An orc wizard (D:13)
  An orc (D:13)
  3 briar patches (Swamp:4)
7 creatures vanquished.

Vanquished Creatures (others)
  2 hornets
  A slime creature (Swamp:2)
  3 spriggans
  A vampire mosquito (D:13)
  A swamp drake (Swamp:4)
  A briar patch (Swamp:4)
  11 fungi
  38 plants
  6 toadstools (Lair:2)
64 creatures vanquished.

Grand Total: 914 creatures vanquished

Notes
Turn   | Place    | Note
-------+----------+-------------------------------------------
     0 | D:1      | Reached skill level 9 in Spellcasting
     0 | D:1      | Amnesiac the Gnoll Wanderer began the quest for the Orb.
     0 | D:1      | Amnesiac set off with: a +2 spear, a +0 robe, a +0 dagger, a ration
     0 | D:1      | Reached XP level 1. HP: 17/17 MP: 10/10
    10 | D:1      | Learned a level 1 spell: Shock
   179 | D:1      | Found a shattered altar of Ashenzari.
   192 | D:1      | Reached XP level 2. HP: 23/23 MP: 8/12
   196 | D:1      | Became a worshipper of Ashenzari the Shackled
   573 | D:2      | Reached XP level 3. HP: 28/28 MP: 4/13
   606 | D:2      | Reached skill level 1 in Invocations
   979 | D:2      | Learned a level 3 spell: Static Discharge
   988 | D:2      | Noticed Terence
  1011 | D:2      | Reached skill level 1 in Short Blades
  1011 | D:2      | Reached skill level 1 in Long Blades
  1011 | D:2      | Reached skill level 1 in Axes
  1011 | D:2      | Reached skill level 1 in Maces & Flails
  1011 | D:2      | Reached skill level 1 in Polearms
  1011 | D:2      | Reached skill level 1 in Staves
  1011 | D:2      | Reached skill level 1 in Slings
  1011 | D:2      | Reached skill level 1 in Bows
  1011 | D:2      | Reached skill level 1 in Crossbows
  1011 | D:2      | Reached skill level 1 in Throwing
  1011 | D:2      | Reached skill level 1 in Armour
  1011 | D:2      | Reached skill level 1 in Dodging
  1011 | D:2      | Reached skill level 1 in Unarmed Combat
  1011 | D:2      | Reached skill level 1 in Evocations
  1116 | D:2      | Killed Terence
  1116 | D:2      | Reached XP level 4. HP: 28/34 MP: 1/15
  1306 | D:2      | Reached skill level 1 in Conjurations
  1306 | D:2      | Reached skill level 1 in Hexes
  1306 | D:2      | Reached skill level 1 in Summonings
  1306 | D:2      | Reached skill level 1 in Necromancy
  1306 | D:2      | Reached skill level 1 in Translocations
  1306 | D:2      | Reached skill level 1 in Transmutations
  1306 | D:2      | Reached skill level 1 in Fire Magic
  1306 | D:2      | Reached skill level 1 in Ice Magic
  1306 | D:2      | Reached skill level 1 in Air Magic
  1306 | D:2      | Reached skill level 1 in Earth Magic
  1306 | D:2      | Reached skill level 1 in Poison Magic
  1664 | D:3      | Reached XP level 5. HP: 33/40 MP: 9/16
  1740 | D:3      | Reached * piety under Ashenzari
  2739 | D:4      | Noticed an ogre
  2756 | D:4      | Killed an ogre
  2756 | D:4      | Reached XP level 6. HP: 47/47 MP: 10/18
  2855 | D:4      | Found a transporter.
  2908 | D:4      | Noticed Paulus's ghost (amateur SpEn)
  2916 | D:4      | Killed Paulus's ghost
  2916 | D:4      | Reached skill level 5 in Shields
  3320 | D:4      | Reached XP level 7. HP: 34/52 MP: 8/20
  3427 | D:4      | Found a sparkling altar of Nemelex Xobeh.
  3428 | D:4      | Found a basalt altar of Yredelemnul.
  3429 | D:4      | Found a sacrificial altar of Ru.
  3429 | D:4      | Found a hazy altar of Hepliaklqana.
  3626 | D:4      | Found a transporter.
  3925 | D:4      | Found a white marble altar of Elyvilon.
  3989 | D:5      | Entered Level 5 of the Dungeon
  4087 | D:5      | Reached skill level 5 in Stealth
  4353 | D:5      | Identified the cursed +2 spear of Forgiveness {flame, rElec rF+ Dex+4}
  4792 | D:5      | HP: 1/53 [killer bee (3)]
  4793 | D:5      | Reached XP level 8. HP: 2/60 MP: 0/21
  7268 | D:7      | Found a staircase to the Ecumenical Temple.
  7418 | D:7      | Reached skill level 10 in Spellcasting
  7516 | D:7      | Reached XP level 9. HP: 23/66 MP: 23/23
  7559 | D:7      | Found a glowing silver altar of Zin.
  7620 | D:7      | Found a sand-covered staircase.
  7630 | Ossuary  | Entered an ossuary
  8684 | D:7      | Gained mutation: You are clumsy. (Dex -2) [potion of mutation]
  8684 | D:7      | Gained mutation: You are partially covered in rugged brown scales. (AC +1, +3% HP) [potion of mutation]
  8684 | D:7      | Gained mutation: You are robust. (+10% HP) [potion of mutation]
  9000 | D:7      | Reached ** piety under Ashenzari
  9448 | D:8      | Reached skill level 5 in Fighting
  9823 | D:8      | Reached skill level 5 in Invocations
 10074 | D:8      | Reached XP level 10. HP: 82/82 MP: 19/24
 10130 | D:8      | Learned a level 4 spell: Sticky Flame
 10292 | D:8      | Found a staircase to the Lair.
 10907 | D:9      | Reached skill level 5 in Short Blades
 10907 | D:9      | Reached skill level 5 in Long Blades
 10907 | D:9      | Reached skill level 5 in Axes
 10907 | D:9      | Reached skill level 5 in Maces & Flails
 10907 | D:9      | Reached skill level 5 in Polearms
 10907 | D:9      | Reached skill level 5 in Staves
 10907 | D:9      | Reached skill level 5 in Slings
 10907 | D:9      | Reached skill level 5 in Bows
 10907 | D:9      | Reached skill level 5 in Crossbows
 10907 | D:9      | Reached skill level 5 in Throwing
 10907 | D:9      | Reached skill level 5 in Armour
 10907 | D:9      | Reached skill level 5 in Dodging
 10907 | D:9      | Reached skill level 5 in Unarmed Combat
 10907 | D:9      | Reached skill level 5 in Evocations
 11138 | D:9      | Found a shattered altar of Ashenzari.
 11337 | D:9      | Learned a level 3 spell: Conjure Flame
 11343 | D:9      | Learned a level 5 spell: Fireball
 11658 | D:10     | Entered Level 10 of the Dungeon
 11876 | D:10     | Learned a level 2 spell: Passwall
 11878 | D:10     | Learned a level 1 spell: Sandblast
 11883 | D:10     | Learned a level 4 spell: Petrify
 11889 | D:10     | Learned a level 5 spell: Lee's Rapid Deconstruction
 12236 | D:10     | Reached *** piety under Ashenzari
 12590 | D:11     | Found Fano's Magic Scroll Emporium.
 12622 | D:11     | Reached skill level 5 in Charms
 12866 | D:11     | Found Tyofivuhu's General Store.
 13094 | D:11     | Found Fuschopteo's Weapon Shoppe.
 13161 | D:11     | Found Xelecer's Armour Shoppe.
 13164 | D:11     | Bought a +0 pair of gloves for 45 gold pieces
 13164 | D:11     | Bought a +0 helmet for 45 gold pieces
 13164 | D:11     | Bought a +0 pair of boots of flying for 115 gold pieces
 13515 | D:12     | Reached XP level 11. HP: 70/91 MP: 16/25
 13662 | D:12     | Found a staircase to the Orcish Mines.
 13814 | D:12     | Learned a level 6 spell: Deflect Missiles
 14091 | D:12     | Reached skill level 5 in Conjurations
 14091 | D:12     | Reached skill level 5 in Hexes
 14091 | D:12     | Reached skill level 5 in Summonings
 14091 | D:12     | Reached skill level 5 in Necromancy
 14091 | D:12     | Reached skill level 5 in Translocations
 14091 | D:12     | Reached skill level 5 in Transmutations
 14091 | D:12     | Reached skill level 5 in Fire Magic
 14091 | D:12     | Reached skill level 5 in Ice Magic
 14091 | D:12     | Reached skill level 5 in Air Magic
 14091 | D:12     | Reached skill level 5 in Earth Magic
 14091 | D:12     | Reached skill level 5 in Poison Magic
 14333 | D:12     | Reached skill level 11 in Spellcasting
 14632 | Orc:1    | Entered Level 1 of the Orcish Mines
 14640 | Orc:1    | Found a roughly hewn altar of Beogh.
 14652 | Orc:1    | Reached **** piety under Ashenzari
 14742 | Orc:1    | Noticed an orc knight
 14760 | Orc:1    | Killed an orc knight
 14932 | Orc:2    | Entered Level 2 of the Orcish Mines
 15161 | Orc:2    | Found a roughly hewn altar of Beogh.
 15944 | Orc:2    | Found Ceniyta's General Store.
 15944 | Orc:2    | Noticed an orc knight
 15989 | Orc:2    | Killed an orc knight
 16298 | Orc:2    | Found Camiloq's Food Boutique.
 16727 | Orc:2    | Reached XP level 12. HP: 101/101 MP: 1/27
 17087 | Orc:2    | Noticed a sun demon
 17234 | Orc:2    | Found a staircase to the Elven Halls.
 17262 | Orc:2    | Found Gusin's Armour Shoppe.
 17545 | Orc:2    | Noticed an orc high priest
 18946 | Orc:2    | Noticed an orc high priest
 18972 | Orc:2    | Killed an orc high priest
 19225 | Orc:2    | Killed an orc high priest
 19226 | Orc:2    | Noticed a sun demon
 19226 | Orc:2    | Noticed an orc high priest
 19226 | Orc:2    | Killed an orc high priest
 19228 | Orc:2    | Paralysed by an orc sorcerer for 4 turns
 19596 | Orc:2    | Killed a sun demon
 19603 | Orc:2    | Noticed an orc high priest
 19603 | Orc:2    | Noticed an orc high priest
 19607 | Orc:2    | Noticed a sun demon
 19607 | Orc:2    | Killed an orc high priest
 19608 | Orc:2    | Killed an orc high priest
 19608 | Orc:2    | Reached XP level 13. HP: 110/110 MP: 6/28
 19660 | Orc:2    | Found Wather's Antique Weapon Shoppe.
 19660 | Orc:2    | Found Xiwim's Gadget Emporium.
 19660 | Orc:2    | Found a one-way gate leading to the halls of Pandemonium.
 19664 | Orc:2    | Bought a box of beasts for 240 gold pieces
 19664 | Orc:2    | Bought a sack of spiders for 240 gold pieces
 19945 | Orc:2    | Bought a wand of iceblast (11) for 180 gold pieces
 19945 | Orc:2    | Bought a wand of iceblast (6) for 120 gold pieces
 20365 | D:13     | Reached skill level 12 in Spellcasting
 20655 | D:13     | Learned a level 3 spell: Regeneration
 20656 | D:13     | Found a gate to the Vaults.
 20656 | D:13     | Noticed a vault guard
 20657 | D:13     | Noticed a vault guard
 20667 | D:13     | Killed a vault guard
 20676 | D:13     | Killed a vault guard
 20692 | D:13     | Noticed a vault guard
 20712 | D:13     | Killed a vault guard
 21692 | D:13     | Found Ocafe's Book Shoppe.
 21784 | D:14     | Reached ***** piety under Ashenzari
 21799 | D:14     | Found an opulent altar of Gozag.
 22038 | D:11     | Bought a scroll of remove curse for 30 gold pieces
 22038 | D:11     | Bought a scroll of remove curse for 30 gold pieces
 22076 | D:11     | Bought a scroll of remove curse for 39 gold pieces
 22175 | Lair:1   | Entered Level 1 of the Lair of Beasts
 24048 | Lair:2   | Found a staircase to the Snake Pit.
 24063 | Lair:2   | Reached XP level 14. HP: 117/122 MP: 21/30
 24270 | Lair:2   | Noticed Gastronok
 24289 | Lair:2   | Killed Gastronok
 24474 | Lair:2   | Reached skill level 10 in Shields
 24662 | Lair:2   | Found a runed door.
 25114 | Snake:1  | Entered Level 1 of the Snake Pit
 25524 | Lair:2   | Reached skill level 10 in Stealth
 25901 | Lair:3   | Reached ****** piety under Ashenzari
 25947 | Lair:3   | Reached skill level 10 in Invocations
 25996 | Lair:3   | Found a staircase to the Swamp.
 28493 | Lair:5   | Reached XP level 15. HP: 129/129 MP: 9/31
 28886 | Lair:5   | Found a staircase to the Slime Pits.
 28968 | Lair:6   | Entered Level 6 of the Lair of Beasts
 28973 | Lair:6   | Reached skill level 10 in Fighting
 29272 | Lair:6   | Reached skill level 13 in Spellcasting
 30182 | Lair:5   | Learned a level 2 spell: Blink
 30187 | Lair:5   | Learned a level 4 spell: Passage of Golubria
 30466 | Lair:6   | Reached skill level 10 in Short Blades
 30466 | Lair:6   | Reached skill level 10 in Long Blades
 30466 | Lair:6   | Reached skill level 10 in Axes
 30466 | Lair:6   | Reached skill level 10 in Maces & Flails
 30466 | Lair:6   | Reached skill level 10 in Polearms
 30466 | Lair:6   | Reached skill level 10 in Staves
 30466 | Lair:6   | Reached skill level 10 in Slings
 30466 | Lair:6   | Reached skill level 10 in Bows
 30466 | Lair:6   | Reached skill level 10 in Crossbows
 30466 | Lair:6   | Reached skill level 10 in Throwing
 30466 | Lair:6   | Reached skill level 10 in Armour
 30466 | Lair:6   | Reached skill level 10 in Dodging
 30466 | Lair:6   | Reached skill level 10 in Unarmed Combat
 30466 | Lair:6   | Reached skill level 10 in Evocations
 31283 | Lair:6   | Reached XP level 16. HP: 138/138 MP: 33/33
 31429 | Swamp:1  | Entered Level 1 of the Swamp
 31448 | Swamp:1  | Found a frozen archway.
 31684 | Swamp:1  | Noticed Frances
 31905 | IceCv    | Entered an ice cave
 33599 | IceCv    | Noticed an Ice Fiend
 33897 | IceCv    | Killed an Ice Fiend
 34055 | IceCv    | Identified the ring "Faassih" {+Fly rC+ rN+ Int+2}
 34059 | IceCv    | Got the uncursed pair of gloves of Angon {*Contam rF+ rN+ Regen+}
 34074 | IceCv    | Identified the +3 pair of gloves of Angon {*Contam rF+ rN+ Regen+} (You found it in an ice cave)
 34219 | Swamp:1  | Learned a level 4 spell: Summon Lightning Spire
 34314 | Swamp:1  | Killed Frances
 34314 | Swamp:1  | Reached XP level 17. HP: 146/146 MP: 4/34
 36471 | Swamp:4  | Entered Level 4 of the Swamp
 36568 | Swamp:4  | Slain by a seven-headed hydra

Vault maps used:
D:1:      nicolae_arrival_washed_ashore, hangedman_decor_growths,
          hangedman_abyss_or_decor_lesser_grid, ashenzari_altar_1
D:2:      cheibrodos_helix_gallery, uniq_terence
D:3:      minmay_wonky_spiral
D:4:      gammafunk_steamed_eel, kennysheep_little_box,
          chequers_temple_overflow_statue_of_worship, first_ration,
          hangedman_decor_clover_reticule
D:5:      minmay_strange_pillars
D:7:      marbit_many_paths, minmay_temple_entry_butterflies, enter_ossuary_4
D:8:      lair_entry_dummy
D:9:      basic_altar
D:10:     grunt_ogre_cave
D:11:     serial_shops, shop_statue,
          nicolae_shop_temple_entry_statues_fountains, nicolae_shop_statue_plus,
          nicolae_shop_statue_plus
D:12:     kennysheep_orc_monster_closet_entryway
D:13:     grunt_vaults_entry_fortified, serial_shops, nicolae_shop_crystal
D:14:     gammafunk_sealed_arena, fedhas_altar_fruit_tree, grunt_gozag_statues
Lair:1:   hangedman_lair_unloving_vines, serial_bayou_pond_c
Lair:2:   gammafunk_lair_enchanted_lake, minmay_snake_entry_six_corridors,
          dpeg_stationary_puzzle, uniq_gastronok
Lair:3:   minmay_swamp_entry_worms, nzn_random_ring, minmay_lair_oklob_chamber
Lair:4:   minivault_25
Lair:5:   minmay_slime_entry_oklob_open
Lair:6:   minmay_lair_end_frog_pond, st_stairs_4
Swamp:1:  portal_ice_cave_entry_ice_statue_one, serial_swamp_ruin,
          evilmike_swamp_ruin_house_5, evilmike_swamp_ruin_house_3, uniq_frances
Swamp:2:  cheibrodos_swamp_heart_of_darkness, infiniplex_staircase_pool
Swamp:3:  evilmike_swamp_ruin_house_4, infiniplex_staircase_pool_2
Swamp:4:  swamp_alternative
Snake:1:  basic_altar, nrook_loot_triangle, uniq_aizul
Orc:1:    basic_altar
Orc:2:    pf_orc_diabolical, serial_shops,
          nicolae_shop_competitors_out_of_business, basic_altar
Ossuary:  ossuary_zaba_two_paths
IceCv:    ice_cave_caverns_03

Skill      XL: |  1  2  3  4  5  6  7  8  9 10 11 12 13 14 15 16 17 |
---------------+----------------------------------------------------+-----
Spellcasting   | 10 11 12 13 | 13.7
Charms         | 2 3 4 5 6 7 8 9 |  9.5
Invocations    | 1 2 3 4 5 6 7 8 9 10 11 | 11.7
Short Blades   | 1 2 3 4 5 6 7 8 9 10 | 10.8
Long Blades    | 1 2 3 4 5 6 7 8 9 10 | 10.8
Axes           | 1 2 3 4 5 6 7 8 9 10 | 10.8
Maces & Flails | 1 2 3 4 5 6 7 8 9 10 | 10.8
Polearms       | 1 2 3 4 5 6 7 8 9 10 | 10.8
Staves         | 1 2 3 4 5 6 7 8 9 10 | 10.8
Slings         | 1 2 3 4 5 6 7 8 9 10 | 10.8
Bows           | 1 2 3 4 5 6 7 8 9 10 | 10.8
Crossbows      | 1 2 3 4 5 6 7 8 9 10 | 10.8
Throwing       | 1 2 3 4 5 6 7 8 9 10 | 10.8
Armour         | 1 2 3 4 5 6 7 8 9 10 | 10.8
Dodging        | 1 2 3 4 5 6 7 8 9 10 | 10.8
Unarmed Combat | 1 2 3 4 5 6 7 8 9 10 | 10.8
Evocations     | 1 2 3 4 5 6 7 8 9 10 | 10.8
Conjurations   | 1 2 3 4 5 6 7 8 9 |  9.2
Hexes          | 1 2 3 4 5 6 7 8 9 |  9.2
Summonings     | 1 2 3 4 5 6 7 8 9 |  9.2
Necromancy     | 1 2 3 4 5 6 7 8 9 |  9.2
Translocations | 1 2 3 4 5 6 7 8 9 |  9.2
Transmutations | 1 2 3 4 5 6 7 8 9 |  9.2
Fire Magic     | 1 2 3 4 5 6 7 8 9 |  9.2
Ice Magic      | 1 2 3 4 5 6 7 8 9 |  9.2
Air Magic      | 1 2 3 4 5 6 7 8 9 |  9.2
Earth Magic    | 1 2 3 4 5 6 7 8 9 |  9.2
Poison Magic   | 1 2 3 4 5 6 7 8 9 |  9.2
Fighting       | 3 4 5 6 7 8 9 10 11 | 11.1
Shields        | 5 6 7 8 9 10 11 | 11.7
Stealth        | 5 6 7 8 9 10 11 | 11.5

Action                   |  1- 3 |  4- 6 |  7- 9 | 10-12 | 13-15 | 16-18 || total
-------------------------+-------+-------+-------+-------+-------+-------++-------
Melee: Spear             |     7 |    12 |       |       |       |       ||    19
       Bite              |     1 |    10 |    70 |    48 |    81 |    51 ||   261
       Dagger            |       |    57 |   407 |   377 |   564 |   281 ||  1686
       Punch             |       |       |    13 |     2 |       |       ||    15
 Cast: Shock             |    48 |    66 |    49 |     4 |     1 |       ||   168
       Static Discharge  |     3 |    10 |   141 |    30 |       |       ||   184
       Sticky Flame      |       |       |       |   167 |       |       ||   167
       Passwall          |       |       |       |     1 |    23 |     2 ||    26
       Petrify           |       |       |       |    21 |   260 |    99 ||   380
       Fireball          |       |       |       |     7 |     5 |    24 ||    36
       Sandblast         |       |       |       |    14 |   259 |    90 ||   363
       Lee's Rapid Decon |       |       |       |     8 |    14 |    15 ||    37
       Blink             |       |       |       |       |       |     3 ||     3
       Summon Lightning  |       |       |       |       |       |     1 ||     1
Invok: Curse Item        |       |       |     1 |     3 |     3 |       ||     7
Evoke: Wand              |       |       |    53 |    10 |    25 |    12 ||   100
       Box of beasts     |       |       |       |       |     1 |       ||     1
  Use: Scroll            |       |       |    10 |    13 |     4 |     3 ||    30
       Potion            |       |       |     6 |     5 |     3 |     1 ||    15
 Stab: Sleeping          |       |     3 |    14 |    16 |    38 |    11 ||    82
       Distracted        |       |       |     2 |     1 |     1 |       ||     4
       Paralysed         |       |       |     1 |       |     4 |     8 ||    13
       Confused          |       |       |     1 |       |       |     1 ||     2
       Petrified         |       |       |       |    16 |   130 |    28 ||   174
       Petrifying        |       |       |       |       |    61 |    39 ||   100
  Eat: Ration            |       |     2 |     2 |     5 |     2 |     6 ||    17
       Chunk             |       |     1 |    14 |    35 |    40 |     4 ||    94
Armor: Robe              |       |    21 |    90 |    62 |    27 |       ||   200
       Ring mail         |       |       |       |       |   110 |    51 ||   161
       Swamp dragon scal |       |       |       |       |       |    39 ||    39
Dodge: Dodged            |     6 |    79 |   335 |   306 |   552 |   212 ||  1490
Block: Shield            |       |       |       |   180 |   618 |   227 ||  1025

Table legend:
 A = Spawn XP
 B = Non-spawn XP
 C = Spawn XP percentage of total XP
 D = Spawn monster count
 E = Non-spawn monster count
 F = Spawn count percentage of total count
 G = Total turns spent on level
                    A         B        C        D         E        F      G
               +---------+---------+-------+---------+---------+-------+---------
         Total |       0 |  156343 |   0.0 |       0 |     847 |   0.0 | 36568
               +---------+---------+-------+---------+---------+-------+---------
           D:1 |       0 |      17 |   0.0 |       0 |       9 |   0.0 |   542
           D:2 |       0 |     129 |   0.0 |       0 |      17 |   0.0 |  1161
           D:3 |       0 |      82 |   0.0 |       0 |      26 |   0.0 |  1385
           D:4 |       0 |     843 |   0.0 |       0 |      22 |   0.0 |  1866
           D:5 |       0 |     566 |   0.0 |       0 |      14 |   0.0 |  1820
           D:6 |       0 |     298 |   0.0 |       0 |      15 |   0.0 |  1010
           D:7 |       0 |    1156 |   0.0 |       0 |      30 |   0.0 |  1461
           D:8 |       0 |    1473 |   0.0 |       0 |      30 |   0.0 |  1139
           D:9 |       0 |    1582 |   0.0 |       0 |      29 |   0.0 |  1104
          D:10 |       0 |    1008 |   0.0 |       0 |      16 |   0.0 |   897
          D:11 |       0 |    2932 |   0.0 |       0 |      18 |   0.0 |  1137
          D:12 |       0 |    3436 |   0.0 |       0 |      35 |   0.0 |  1248
          D:13 |       0 |   15835 |   0.0 |       0 |      58 |   0.0 |  1609
          D:14 |       0 |    1056 |   0.0 |       0 |       7 |   0.0 |   120
        Lair:1 |       0 |    2342 |   0.0 |       0 |      16 |   0.0 |   916
        Lair:2 |       0 |   10363 |   0.0 |       0 |      43 |   0.0 |  1519
        Lair:3 |       0 |   11090 |   0.0 |       0 |      39 |   0.0 |  1512
        Lair:4 |       0 |    6446 |   0.0 |       0 |      22 |   0.0 |   867
        Lair:5 |       0 |   13203 |   0.0 |       0 |      42 |   0.0 |  1984
        Lair:6 |       0 |   20500 |   0.0 |       0 |      80 |   0.0 |  1605
       Swamp:1 |       0 |    9010 |   0.0 |       0 |      16 |   0.0 |   893
       Swamp:2 |       0 |   15549 |   0.0 |       0 |      41 |   0.0 |  1408
       Swamp:3 |       0 |    4669 |   0.0 |       0 |      16 |   0.0 |   455
       Swamp:4 |       0 |    2330 |   0.0 |       0 |       5 |   0.0 |    97
         Orc:1 |       0 |    2640 |   0.0 |       0 |      17 |   0.0 |   849
         Orc:2 |       0 |   18035 |   0.0 |       0 |      80 |   0.0 |  4635
       Ossuary |       0 |     201 |   0.0 |       0 |      54 |   0.0 |  1041
         IceCv |       0 |    9552 |   0.0 |       0 |      50 |   0.0 |  2286
               +---------+---------+-------+---------+---------+-------+---------
